[Event "Netanya Open 2019"]
[Site "Netanya"]
[Date "2019.06.24"]
[Round "2.70"]
[White "Havakuk, Elad"]
[Black "Shetah, Roi"]
[Result "0-1"]
[WhiteElo "1350"]
[BlackElo "1836"]
[PlyCount "82"]
[EventDate "2019.06.23"]
[EventType "swiss"]
[EventRounds "9"]
[EventCountry "ISR"]
[TimeControl "40/5400+30:1800+30"]

1. e4 c5 2. Nf3 e6 3. d4 cxd4 4. c4 dxc3 5. Nxc3 Nc6 6. Be3 d6 7. Qa4 Bd7 8. Rd1 Be7 9. Nb5 Qb8 10. Bd4 e5 11. Bc3 a6 12. Na3 b5 13. Nxb5 axb5 14. Qxb5 Qa7 15. Qc4 Nf6 16. Bd3 O-O 17. O-O h6 18. b4 Rfc8 19. Qb3 Be6 20. Qb2 Qxa2 21. Nd2 Qxb2 22. Bxb2 Nxb4 23. Nb1 Nxd3 24. Rxd3 Bc4 25. Rc3 Bxf1 26. Rxc8+ Rxc8 27. Kxf1 Rb8 28. Na3 Rxb2 29. Nc4 Rb4 30. Nd2 Nxe4 31. Nxe4 Rxe4 32. f3 Re3 33. Kf2 Bg5 34. g3 h5 35. h4 Bh6 36. Kg2 d5 37. f4 exf4 38. gxf4 d4 39. f5 d3 40. f6 d2 41. fxg7 d1=Q 0-1

[Event "Netanya Open 2019"]
[Site "Netanya"]
[Date "2019.06.24"]
[Round "2.71"]
[White "Smoliar, Klim"]
[Black "Marques, Don"]
[Result "1-0"]
[WhiteElo "1871"]
[BlackElo "1179"]
[PlyCount "125"]
[EventDate "2019.06.23"]
[EventType "swiss"]
[EventRounds "9"]
[EventCountry "ISR"]
[TimeControl "40/5400+30:1800+30"]

1. e4 c5 2. d3 Nc6 3. g3 d6 4. Bg2 e5 5. f4 f5 6. Nc3 Nf6 7. fxe5 dxe5 8. Nge2 h6 9. exf5 Bxf5 10. O-O Qd7 11. b3 Bg4 12. Be3 Nd4 13. Bxd4 cxd4 14. Nb1 Be7 15. Nd2 O-O 16. Nc4 Qc7 17. a4 Rad8 18. Qd2 b6 19. Nc1 a5 20. Na2 Nd5 21. Bxd5+ Rxd5 22. Rxf8+ Bxf8 23. Qg2 Rd8 24. Qe4 Bd7 25. Qxe5 Qxe5 26. Nxe5 Bh3 27. Re1 Re8 28. Kf2 Bc5 29. Ng6 Re3 30. Nf4 Bg4 31. Rxe3 dxe3+ 32. Ke1 Bb4+ 33. Nxb4 axb4 34. Nd5 b5 35. a5 Bf3 36. Nxe3 Kf7 37. Nf5 Bc6 38. Nd4 Bb7 39. Nxb5 Ke6 40. a6 Bc6 41. Nd4+ Kd6 42. Nxc6 Kxc6 43. Ke2 Kb6 44. Ke3 Kxa6 45. Kd4 Kb6 46. Kc4 Kc6 47. Kxb4 Kb6 48. Kc4 Kc6 49. b4 Kb6 50. Kd5 Kc7 51. c4 Kd7 52. c5 Kc7 53. b5 g5 54. h3 h5 55. b6+ Kb7 56. Ke4 Kc6 57. Kf5 h4 58. gxh4 gxh4 59. Kg4 Kd7 60. b7 Kc7 61. c6 Kb8 62. Kxh4 Kc7 63. Kg5 1-0

[Event "Netanya Open 2019"]
[Site "Netanya"]
[Date "2019.06.25"]
[Round "3.4"]
[White "Grinberg, Eyal"]
[Black "Parligras, Mircea-Emilian"]
[Result "1-0"]
[ECO "B66"]
[WhiteElo "2474"]
[BlackElo "2638"]
[Annotator "RC"]
[PlyCount "133"]
[EventDate "2019.06.23"]
[EventType "swiss"]
[EventCountry "ISR"]
[SourceTitle "playchess.com"]
[Source "ChessBase"]
[SourceQuality "1"]
[TimeControl "40/5400+30:1800+30"]

1. e4 c5 2. Nf3 Nc6 3. d4 cxd4 4. Nxd4 Nf6 5. Nc3 d6 6. Bg5 e6 7. Qd2 a6 8. O-O-O Bd7 9. f3 Nxd4 10. Qxd4 h6 11. Be3 Bc6 12. Kb1 b5 13. Qd2 Qc7 14. h4 Rc8 15. Ne2 Bb7 16. Nd4 e5 17. Nf5 d5 18. exd5 Nxd5 19. Bd3 g6 20. Ng3 h5 21. Bg5 Bg7 22. Be4 O-O 23. Bxd5 Bxd5 24. Qxd5 Qxc2+ 25. Ka1 e4 26. Qb3 exf3 27. gxf3 Qxb3 28. axb3 Rc2 29. Bc1 f5 30. Rhg1 Rf2 31. Rd6 Rf6 32. Rxf6 Bxf6 33. Nxh5 Bxh4 34. Nf4 g5 35. Ng6 Kh7 36. Nxh4 gxh4 37. Rh1 Rxf3 38. Rxh4+ Kg7 39. Rf4 Rxb3 40. Rxf5 Rd3 41. Bf4 Kg6 42. Rc5 Kf7 43. Rc6 Rd4 44. Be5 Ra4+ 45. Kb1 Ke8 46. b3 Re4 47. Bc3 b4 48. Bb2 a5 49. Ra6 Re1+ 50. Ka2 Kd7 51. Rxa5 Kc6 52. Re5 Rh1 53. Bd4 Rh4 54. Bf2 Rh2 55. Rc5+ Kb6 56. Rc2+ Kb5 57. Kb2 Rh5 58. Rc4 Rh2 59. Rf4 Ka5 60. Kc2 Kb5 61. Kd3 Rh3+ 62. Be3 Ka5 63. Rf5+ Ka6 64. Re5 Rh8 65. Kc4 Rh4+ 66. Bd4 Rg4 67. Re7 1-0

[Event "Netanya Open 2019"]
[Site "Netanya"]
[Date "2019.06.25"]
[Round "3.5"]
[White "Efimenko, Zahar"]
[Black "Abergel, Thal"]
[Result "1-0"]
[ECO "A11"]
[WhiteElo "2632"]
[BlackElo "2450"]
[Annotator "RC"]
[PlyCount "67"]
[EventDate "2019.06.23"]
[EventType "swiss"]
[EventCountry "ISR"]
[SourceTitle "playchess.com"]
[Source "ChessBase"]
[SourceQuality "1"]
[TimeControl "40/5400+30:1800+30"]

1. Nf3 d5 2. b3 Nf6 3. Bb2 e6 4. e3 Nbd7 5. c4 c6 6. Nc3 a6 7. d4 Bd6 8. Be2 Qe7 9. O-O O-O 10. Qc2 Ba3 11. Bxa3 Qxa3 12. Rad1 Qe7 13. e4 dxe4 14. Nxe4 c5 15. Rfe1 Nxe4 16. Qxe4 Nf6 17. Qe5 b6 18. d5 Qa7 19. Qf4 exd5 20. cxd5 Bb7 21. d6 Rad8 22. Nh4 Be4 23. Bf3 Bxf3 24. Qxf3 Qa8 25. Qf4 Nd5 26. Qg3 Kh8 27. Nf5 Rg8 28. h4 Nf6 29. Re7 Qc8 30. d7 Qc6 31. Rd6 Qc7 32. Qd3 b5 33. Nh6 gxh6 34. Rxf6 1-0

[Event "Netanya Open 2019"]
[Site "Netanya"]
[Date "2019.06.25"]
[Round "3.7"]
[White "Zubov, Alexander"]
[Black "Birnboim, Nathan"]
[Result "1-0"]
[ECO "B31"]
[WhiteElo "2597"]
[BlackElo "2379"]
[Annotator "ChessBase"]
[PlyCount "87"]
[EventDate "2019.06.23"]
[EventType "swiss"]
[EventCountry "ISR"]
[SourceTitle "playchess.com"]
[Source "ChessBase"]
[SourceQuality "1"]
[TimeControl "40/5400+30:1800+30"]

1. e4 c5 2. Nf3 Nc6 3. Bb5 g6 4. O-O Bg7 5. c3 Nf6 6. Re1 O-O 7. h3 Ne8 8. d4 cxd4 9. cxd4 Nc7 10. Ba4 b5 11. Bb3 d5 12. e5 a5 13. Nc3 a4 14. Bc2 Rb8 15. Be3 Na5 16. b3 a3 17. Rc1 Bd7 18. Qd2 b4 19. Ne2 Re8 20. Nf4 Nc6 21. Bd3 Na7 22. h4 Ne6 23. h5 Nxf4 24. Bxf4 Rb6 25. Bh6 Bg4 26. Bxg7 Kxg7 27. h6+ Kg8 28. Ng5 Qd7 29. Rc5 Rc8 30. Rec1 f6 31. e6 Bxe6 32. Nxe6 Qxe6 33. Rxd5 Kf8 34. Bc4 Qg4 35. Re1 Nc6 36. Qe3 Rc7 37. Rd6 Qc8 38. Re6 Rbb7 39. Qf4 Qd8 40. d5 Na5 41. d6 Nxc4 42. dxc7 Rxc7 43. bxc4 Kf7 44. c5 1-0

[Event "Netanya Open 2019"]
[Site "Netanya"]
[Date "2019.06.25"]
[Round "3.8"]
[White "Emanuel, Yahav"]
[Black "Huzman, Alexander"]
[Result "1/2-1/2"]
[ECO "B92"]
[WhiteElo "2359"]
[BlackElo "2588"]
[Annotator "ChessBase"]
[PlyCount "57"]
[EventDate "2019.06.23"]
[EventType "swiss"]
[EventCountry "ISR"]
[SourceTitle "playchess.com"]
[Source "ChessBase"]
[SourceQuality "1"]
[TimeControl "40/5400+30:1800+30"]

1. e4 c5 2. Nf3 d6 3. d4 cxd4 4. Nxd4 Nf6 5. Nc3 a6 6. Be2 e5 7. Nb3 Be7 8. O-O O-O 9. Kh1 b6 10. Be3 Bb7 11. f3 b5 12. a4 b4 13. Nd5 Nxd5 14. exd5 Nd7 15. c4 bxc3 16. bxc3 Bg5 17. Bf2 f5 18. c4 Rc8 19. Bd3 g6 20. Rb1 Qc7 21. c5 dxc5 22. Nxc5 Nxc5 23. Bxc5 Qxc5 24. Rxb7 Qxd5 25. Rd7 Qe6 26. Rd6 Qe7 27. Rd7 Qe6 28. Rd6 Qe7 29. Rd7 1/2-1/2

[Event "Netanya Open 2019"]
[Site "Netanya"]
[Date "2019.06.25"]
[Round "3.9"]
[White "Antipov, Mikhail Al."]
[Black "Parkhov, Yair"]
[Result "1-0"]
[ECO "B90"]
[WhiteElo "2582"]
[BlackElo "2354"]
[Annotator "ChessBase"]
[PlyCount "125"]
[EventDate "2019.06.23"]
[EventType "swiss"]
[EventCountry "ISR"]
[SourceTitle "playchess.com"]
[Source "ChessBase"]
[SourceQuality "1"]
[TimeControl "40/5400+30:1800+30"]

1. e4 c5 2. Nf3 d6 3. d4 cxd4 4. Nxd4 Nf6 5. Nc3 a6 6. f3 e5 7. Nb3 Be6 8. Be3 h5 9. Qd2 Nbd7 10. O-O-O b5 11. Kb1 Rc8 12. g3 Be7 13. h3 Qc7 14. f4 Nb6 15. f5 Bc4 16. Bxb6 Qxb6 17. a3 O-O 18. g4 Bxb3 19. cxb3 Rxc3 20. Qxc3 Nxe4 21. Qc2 Nf2 22. Bg2 Nxh1 23. Bxh1 Qc5 24. Qe2 Rc8 25. gxh5 Bf6 26. Be4 Kf8 27. Qd3 Ke7 28. Bb7 Rb8 29. Bd5 Rc8 30. Bb7 Rb8 31. Rc1 Qd4 32. Rc7+ Kf8 33. Qxd4 exd4 34. Bd5 Kg8 35. h6 Rf8 36. Bxf7+ Kh7 37. hxg7 Bxg7 38. Kc2 Kh6 39. Bg6 Bf6 40. Rh7+ Kg5 41. Kd3 Kf4 42. h4 Rh8 43. Rxh8 Bxh8 44. b4 Bg7 45. h5 Ke5 46. Be8 Kxf5 47. Bd7+ Kg5 48. Bc8 Kxh5 49. Bxa6 Kg5 50. Bxb5 d5 51. Bc6 Kf5 52. Bxd5 Ke5 53. Bg2 Bf8 54. Kc4 Bh6 55. a4 Kd6 56. Be4 Bc1 57. b3 Bd2 58. b5 Be1 59. b4 Kc7 60. a5 Bf2 61. b6+ Kd6 62. a6 d3 63. a7 1-0

[Event "Netanya Open 2019"]
[Site "Netanya"]
[Date "2019.06.25"]
[Round "3.10"]
[White "Globus, Or"]
[Black "Mikhalevski, Victor"]
[Result "0-1"]
[ECO "D85"]
[WhiteElo "2352"]
[BlackElo "2579"]
[Annotator "ChessBase"]
[PlyCount "56"]
[EventDate "2019.06.23"]
[EventType "swiss"]
[EventCountry "ISR"]
[SourceTitle "playchess.com"]
[Source "ChessBase"]
[SourceQuality "1"]
[TimeControl "40/5400+30:1800+30"]

1. d4 Nf6 2. c4 g6 3. Nc3 d5 4. cxd5 Nxd5 5. e4 Nxc3 6. bxc3 Bg7 7. Nf3 c5 8. Be3 Qa5 9. Nd2 Qc7 10. Be2 O-O 11. O-O Rd8 12. Rc1 e6 13. Qb3 Nc6 14. dxc5 e5 15. Nc4 Be6 16. Qa3 Bf8 17. Rb1 Rac8 18. Rb5 a6 19. Rb6 Bxc4 20. Rxc6 Qxc6 21. Bxc4 Bxc5 22. Qb3 Bxe3 23. Bxf7+ Kg7 24. fxe3 Qxc3 25. Qxb7 Rc7 26. Qb3 Rf8 27. h3 a5 28. h4 a4 0-1

[Event "Netanya Open 2019"]
[Site "Netanya"]
[Date "2019.06.25"]
[Round "3.11"]
[White "Musyuk, Lior"]
[Black "Rozentalis, Eduardas"]
[Result "1/2-1/2"]
[ECO "B02"]
[WhiteElo "2190"]
[BlackElo "2540"]
[Annotator "ChessBase"]
[PlyCount "40"]
[EventDate "2019.06.23"]
[EventType "swiss"]
[EventCountry "ISR"]
[SourceTitle "playchess.com"]
[Source "ChessBase"]
[SourceQuality "1"]
[TimeControl "40/5400+30:1800+30"]

1. e4 Nf6 2. e5 Nd5 3. Nc3 Nb6 4. d4 d5 5. Nf3 Bg4 6. h3 Bxf3 7. Qxf3 e6 8. Qg3 Nc6 9. Be3 Ne7 10. Bd3 Nc4 11. Rb1 c6 12. a4 Nxe3 13. fxe3 Nf5 14. Bxf5 exf5 15. O-O g6 16. b4 Be7 17. b5 Bh4 18. Qf4 Bg5 19. Qg3 Bh4 20. Qf4 Bg5 1/2-1/2

[Event "Netanya Open 2019"]
[Site "Netanya"]
[Date "2019.06.25"]
[Round "3.12"]
[White "Sivuk, Vitaly"]
[Black "Krayz, Alexander"]
[Result "1-0"]
[ECO "E15"]
[WhiteElo "2547"]
[BlackElo "2377"]
[Annotator "ChessBase"]
[PlyCount "109"]
[EventDate "2019.06.23"]
[EventType "swiss"]
[EventCountry "ISR"]
[SourceTitle "playchess.com"]
[Source "ChessBase"]
[SourceQuality "1"]
[TimeControl "40/5400+30:1800+30"]

1. d4 Nf6 2. c4 e6 3. Nf3 b6 4. g3 Ba6 5. b3 Bb4+ 6. Bd2 Be7 7. Nc3 Bb7 8. Bg2 Ne4 9. O-O Nxd2 10. Qxd2 f5 11. d5 O-O 12. Rad1 Qe8 13. Nb5 Bd8 14. d6 c5 15. Nc7 Bxc7 16. dxc7 Na6 17. Qxd7 Rc8 18. Ne5 Bxg2 19. Kxg2 Rxc7 20. Qxe8 Rxe8 21. Rd6 Nb4 22. a3 Nc2 23. Rfd1 Kf8 24. R1d2 Nd4 25. b4 Ke7 26. bxc5 bxc5 27. Ra6 Rec8 28. a4 Nc6 29. Nxc6+ Rxc6 30. Rxa7+ R8c7 31. Ra8 Rb6 32. a5 Rb4 33. Ra2 Rbb7 34. Kf3 g5 35. e4 Ra7 36. Rb8 Rcb7 37. Rxb7+ Rxb7 38. a6 Ra7 39. exf5 exf5 40. g4 Kf6 41. Ra5 fxg4+ 42. Kxg4 Kg6 43. Kf3 Kf6 44. Ke4 Ke6 45. Ra3 g4 46. Ra5 Kd6 47. Kf5 Kc6 48. Kxg4 Kb6 49. Ra2 Rg7+ 50. Kf5 Ka7 51. f4 Rf7+ 52. Ke5 Re7+ 53. Kd5 Rf7 54. Rf2 Kxa6 55. f5 1-0

[Event "Netanya Open 2019"]
[Site "Netanya"]
[Date "2019.06.25"]
[Round "3.13"]
[White "Baron, Tal"]
[Black "Shvayger, Yuliya"]
[Result "1/2-1/2"]
[ECO "E49"]
[WhiteElo "2524"]
[BlackElo "2361"]
[Annotator "ChessBase"]
[PlyCount "90"]
[EventDate "2019.06.23"]
[EventType "swiss"]
[EventCountry "ISR"]
[SourceTitle "playchess.com"]
[Source "ChessBase"]
[SourceQuality "1"]
[TimeControl "40/5400+30:1800+30"]

1. d4 Nf6 2. c4 e6 3. Nc3 Bb4 4. a3 Bxc3+ 5. bxc3 O-O 6. f3 d5 7. cxd5 exd5 8. e3 c5 9. Bd3 b6 10. Ne2 Ba6 11. O-O Re8 12. Ng3 Bxd3 13. Qxd3 Nc6 14. Bb2 c4 15. Qd2 h5 16. Qf2 Qd7 17. Rae1 Re6 18. e4 dxe4 19. fxe4 h4 20. Nf5 Nxe4 21. Qxh4 Nd6 22. Nxg7 Rxe1 23. Rxe1 Kxg7 24. Qg5+ Kh7 25. d5 Re8 26. Qh4+ Kg8 27. Qg5+ Kh7 28. Rxe8 Qxe8 29. Qh4+ Kg8 30. Qg3+ Kh7 31. Qh4+ Kg8 32. Qg3+ Kh7 33. dxc6 Qxc6 34. Qh4+ Kg8 35. Qg5+ Kh7 36. Qh5+ Kg8 37. Qg5+ Kh7 38. Qh5+ Kg8 39. Bc1 Qe4 40. Qg5+ Kh7 41. h3 Nf5 42. Kh2 b5 43. Qh5+ Kg7 44. Qg5+ Kh7 45. Qh5+ Kg7 1/2-1/2

[Event "Netanya Open 2019"]
[Site "Netanya"]
[Date "2019.06.25"]
[Round "3.14"]
[White "Iliaguev, Nisim"]
[Black "Greenfeld, Alon"]
[Result "1/2-1/2"]
[ECO "E68"]
[WhiteElo "2357"]
[BlackElo "2513"]
[Annotator "ChessBase"]
[PlyCount "170"]
[EventDate "2019.06.23"]
[EventType "swiss"]
[EventCountry "ISR"]
[SourceTitle "playchess.com"]
[Source "ChessBase"]
[SourceQuality "1"]
[TimeControl "40/5400+30:1800+30"]

1. d4 Nf6 2. c4 g6 3. g3 Bg7 4. Bg2 O-O 5. Nc3 d6 6. Nf3 Nbd7 7. O-O e5 8. h3 exd4 9. Nxd4 Re8 10. e4 Nc5 11. Re1 Bd7 12. Bf4 h6 13. g4 h5 14. g5 Nh7 15. h4 f6 16. Nf3 Bg4 17. gxf6 Qxf6 18. Bg3 Qf7 19. Qd5 Qxd5 20. Nxd5 Rac8 21. Nf4 Nf8 22. Rab1 Nxe4 23. Rxe4 Rxe4 24. Ng5 Re7 25. Bxb7 Rb8 26. Bd5+ Kh8 27. Nf7+ Kh7 28. Ng5+ Kh6 29. Nf7+ Rxf7 30. Bxf7 Bf5 31. Re1 Rxb2 32. Nd5 Nd7 33. Re7 Bf8 34. Re8 Kg7 35. Be6 Bxe6 36. Rxe6 Kf7 37. Re3 Rb7 38. Kg2 Ne5 39. Bxe5 dxe5 40. Rxe5 c6 41. Ne3 Be7 42. Ra5 Bxh4 43. f4 Bd8 44. Ra6 Bb6 45. Kf3 Re7 46. Ng2 Re6 47. Ra3 Rd6 48. Ne1 Re6 49. Ng2 Kf6 50. Rd3 Bc5 51. Rd7 Rd6 52. Rc7 Bb6 53. Rc8 Kg7 54. Ke2 Re6+ 55. Kf3 Rd6 56. Ke2 Rf6 57. Kd3 Re6 58. a4 Kh7 59. Ra8 Kg7 60. a5 Bf2 61. f5 gxf5 62. Nf4 Re3+ 63. Kd2 Re4 64. Nxh5+ Kg6 65. Rf8 Bh4 66. Kd3 Bg5 67. Ng7 Re3+ 68. Kd4 c5+ 69. Kd5 Kxg7 70. Rxf5 Be7 71. Kc6 Ra3 72. Kd7 Bf8 73. Ke8 Re3+ 74. Kd7 Re4 75. Kc6 Rxc4 76. Kb7 Rb4+ 77. Kxa7 c4 78. Ka6 Rb8 79. Rf4 c3 80. Rc4 Bb4 81. Ka7 Rb5 82. a6 Bc5+ 83. Ka8 Ra5 84. Kb7 Rb5+ 85. Kc6 Rb6+ 1/2-1/2

[Event "Netanya Open 2019"]
[Site "Netanya"]
[Date "2019.06.25"]
[Round "3.15"]
[White "Zanan, Evgeny"]
[Black "Aroesti, Roee"]
[Result "1/2-1/2"]
[ECO "D30"]
[WhiteElo "2505"]
[BlackElo "2233"]
[Annotator "ChessBase"]
[PlyCount "121"]
[EventDate "2019.06.23"]
[EventType "swiss"]
[EventCountry "ISR"]
[SourceTitle "playchess.com"]
[Source "ChessBase"]
[SourceQuality "1"]
[TimeControl "40/5400+30:1800+30"]

1. d4 d5 2. c4 e6 3. Nf3 c6 4. Nbd2 Nf6 5. g3 c5 6. cxd5 cxd4 7. dxe6 Bxe6 8. Nb3 Nc6 9. Bg2 Bb4+ 10. Bd2 Qb6 11. O-O Bxd2 12. Qxd2 Bxb3 13. axb3 O-O 14. Rfd1 Rfd8 15. Ra3 Ne4 16. Qf4 Re8 17. Nh4 Nc5 18. Nf5 Ne6 19. Qg4 Qc5 20. Raa1 h5 21. Qe4 Ng5 22. Qf4 Ne6 23. Qf3 g6 24. Nh4 Rad8 25. Qd3 Nb4 26. Qc4 Qxc4 27. bxc4 Nc5 28. Kf1 a6 29. Rab1 Rd6 30. Nf3 Red8 31. Ne5 Nd7 32. Nd3 Nxd3 33. exd3 a5 34. b4 axb4 35. Rxb4 b6 36. Bd5 Nc5 37. Rdb1 Rb8 38. Ke2 Kg7 39. Kd2 Rf6 40. f3 h4 41. Re1 hxg3 42. hxg3 Rh8 43. g4 g5 44. Re5 Rh2+ 45. Re2 Rfh6 46. Be4 Rh1 47. Re1 R1h3 48. Re2 Rg3 49. Rb1 Na4 50. Rb5 Nc3 51. Rxg5+ Kf8 52. Rf2 Rg1 53. Kc2 Rhh1 54. Kb3 Ra1 55. Rh5 Rhc1 56. Rc2 Rcb1+ 57. Rb2 Rc1 58. Kb4 Ra4+ 59. Kb3 Raa1 60. Rc2 Rcb1+ 61. Rb2 1/2-1/2

[Event "Netanya Open 2019"]
[Site "Netanya"]
[Date "2019.06.25"]
[Round "3.16"]
[White "Alexikov, Alexander"]
[Black "Dvoirys, Semen I."]
[Result "0-1"]
[ECO "B31"]
[WhiteElo "2234"]
[BlackElo "2502"]
[Annotator "ChessBase"]
[PlyCount "124"]
[EventDate "2019.06.23"]
[EventType "swiss"]
[EventCountry "ISR"]
[SourceTitle "playchess.com"]
[Source "ChessBase"]
[SourceQuality "1"]
[TimeControl "40/5400+30:1800+30"]

1. e4 c5 2. Nf3 Nc6 3. Bb5 g6 4. Bxc6 dxc6 5. h3 Nf6 6. Nc3 Bg7 7. O-O Nd7 8. d3 e5 9. a3 a5 10. a4 Nf8 11. Bd2 Ne6 12. Ne2 O-O 13. Bc3 Nd4 14. Nfxd4 cxd4 15. Bd2 f5 16. exf5 gxf5 17. Kh1 c5 18. f3 Ra6 19. Qe1 Re8 20. Rd1 Bf6 21. Qg3+ Kh8 22. b3 Bh4 23. Qh2 Rg6 24. Be1 Bf6 25. g4 f4 26. Ng1 h5 27. Rd2 b6 28. Rg2 hxg4 29. fxg4 Re7 30. Nf3 Rh7 31. Nd2 Bxg4 32. hxg4 Rgh6 33. Rf3 Rxh2+ 34. Rxh2 Qd7 35. Rxh7+ Kxh7 36. Ne4 Kg6 37. Rf1 Bh4 38. Bxh4 Qh7 39. Rf2 Qxh4+ 40. Kg1 Qh3 41. g5 Qe3 42. Kg2 Qc1 43. Re2 Qd1 44. Rf2 Kf5 45. Kh2 Kg6 46. Kg2 c4 47. bxc4 Qa1 48. Kf3 Qxa4 49. Rh2 Kg7 50. Nf6 Qc6+ 51. Nd5 a4 52. Rh6 Qa8 53. Rd6 a3 54. Rd7+ Kg6 55. Kg4 Qe8 56. Rd6+ Kg7 57. Rxb6 Qc8+ 58. Kh4 a2 59. Ne7 Qd7 60. Ra6 Qxe7 61. Rxa2 Qf7 62. Ra6 f3 0-1

[Event "Netanya Open 2019"]
[Site "Netanya"]
[Date "2019.06.25"]
[Round "3.17"]
[White "Zoler, Dan"]
[Black "Parligras, Cosmin"]
[Result "1-0"]
[ECO "E12"]
[WhiteElo "2499"]
[BlackElo "2198"]
[Annotator "ChessBase"]
[PlyCount "131"]
[EventDate "2019.06.23"]
[EventType "swiss"]
[EventCountry "ISR"]
[SourceTitle "playchess.com"]
[Source "ChessBase"]
[SourceQuality "1"]
[TimeControl "40/5400+30:1800+30"]

1. d4 Nf6 2. c4 e6 3. Nf3 b6 4. Bf4 Bb7 5. e3 Nh5 6. Bg3 d6 7. Nc3 Nxg3 8. hxg3 Nd7 9. Bd3 g6 10. Qc2 Bg7 11. O-O-O Qe7 12. Kb1 a6 13. Be4 c6 14. Rh4 f5 15. Bd3 Bf6 16. Rhh1 e5 17. dxe5 Nxe5 18. Nxe5 Bxe5 19. e4 fxe4 20. Nxe4 O-O-O 21. f4 Bf6 22. Be2 Kb8 23. Bf3 d5 24. Nxf6 Qxf6 25. cxd5 cxd5 26. Rd2 Rd6 27. Rhd1 Rc8 28. Qd3 Rc5 29. a3 Ka7 30. Re1 Re6 31. Rxe6 Qxe6 32. Re2 Qd6 33. Re5 a5 34. Qb3 Qd7 35. g4 Qd6 36. g5 Bc6 37. g3 Bb7 38. Qd3 Rc7 39. Qd4 Rc4 40. Qd3 Rc7 41. Re1 d4 42. Bxb7 Rxb7 43. Re4 Rd7 44. Qc4 Kb7 45. Re6 Qc5 46. Qxc5 bxc5 47. a4 Rc7 48. Kc2 Rc6 49. Re7+ Rc7 50. Re6 Rc6 51. Re5 Rc7 52. Kd3 Kc6 53. Kc4 Kd6 54. Rd5+ Ke6 55. g4 Rf7 56. Rxc5 Rxf4 57. Rxa5 Rxg4 58. Kd3 Kd6 59. b4 Kc6 60. Rc5+ Kb6 61. a5+ Ka6 62. Rc6+ Kb7 63. b5 Rxg5 64. a6+ Ka7 65. Kc4 Rg1 66. Rc7+ 1-0

[Event "Netanya Open 2019"]
[Site "Netanya"]
[Date "2019.06.25"]
[Round "3.18"]
[White "Streltsov, Alexey"]
[Black "Bar, Roman"]
[Result "1/2-1/2"]
[ECO "B31"]
[WhiteElo "2177"]
[BlackElo "2497"]
[Annotator "ChessBase"]
[PlyCount "86"]
[EventDate "2019.06.23"]
[EventType "swiss"]
[EventCountry "ISR"]
[SourceTitle "playchess.com"]
[Source "ChessBase"]
[SourceQuality "1"]
[TimeControl "40/5400+30:1800+30"]

1. e4 c5 2. Nf3 Nc6 3. Bb5 g6 4. Bxc6 bxc6 5. O-O Bg7 6. e5 f6 7. e6 dxe6 8. d3 e5 9. b3 Nh6 10. Nbd2 O-O 11. Qe2 Nf5 12. Ba3 Nd4 13. Nxd4 cxd4 14. f4 Bf5 15. Rae1 Qc7 16. fxe5 fxe5 17. Nc4 Be6 18. Rxf8+ Rxf8 19. Nxe5 Bh6 20. Qe4 Be3+ 21. Rxe3 dxe3 22. Nxc6 Rf6 23. Bc5 e2 24. Bf2 a6 25. Nd4 Bc8 26. c4 Bb7 27. Qxe2 Qf4 28. h3 Qc1+ 29. Kh2 Qf4+ 30. Kg1 e5 31. Nc2 Qg5 32. Ne3 h5 33. Kh2 Rf7 34. h4 Qf6 35. Bg3 Rd7 36. Nd1 Qf5 37. Nf2 Re7 38. d4 g5 39. Bxe5 gxh4 40. Nd3 Be4 41. Nf2 Bb7 42. Nd3 Be4 43. Nf2 Bb7 1/2-1/2

[Event "Netanya Open 2019"]
[Site "Netanya"]
[Date "2019.06.25"]
[Round "3.19"]
[White "Khmelniker, Ilya"]
[Black "Karp, Michael"]
[Result "1-0"]
[ECO "A11"]
[WhiteElo "2483"]
[BlackElo "2194"]
[Annotator "ChessBase"]
[PlyCount "85"]
[EventDate "2019.06.23"]
[EventType "swiss"]
[EventCountry "ISR"]
[SourceTitle "playchess.com"]
[Source "ChessBase"]
[SourceQuality "1"]
[TimeControl "40/5400+30:1800+30"]

1. c4 c6 2. Nf3 d5 3. e3 Nf6 4. Nc3 e6 5. b3 Bd6 6. Bb2 Nbd7 7. Qc2 a6 8. Be2 O-O 9. Rg1 b5 10. g4 b4 11. Na4 Bb7 12. g5 Ne8 13. c5 Bc7 14. e4 Bb8 15. exd5 exd5 16. O-O-O Nc7 17. Rg4 Ne6 18. Rxb4 Ra7 19. Qc3 d4 20. Nxd4 Be5 21. Nxe6 Bxc3 22. Nxd8 Bxb4 23. Nxb7 Rxb7 24. d4 Nb8 25. Bf3 Ba5 26. Kc2 Rd7 27. Bg4 Re7 28. a3 f6 29. b4 Bc7 30. d5 cxd5 31. gxf6 gxf6 32. Nc3 Be5 33. f4 d4 34. Nd5 Rg7 35. Be6+ Kh8 36. fxe5 fxe5 37. Rd2 Nc6 38. Nb6 Nd8 39. Bd5 a5 40. b5 Nb7 41. Bxb7 Rxb7 42. a4 Kg8 43. Nc4 1-0

[Event "Netanya Open 2019"]
[Site "Netanya"]
[Date "2019.06.25"]
[Round "3.20"]
[White "Hoffmann, Yair"]
[Black "Gorodetzky, David"]
[Result "0-1"]
[ECO "D02"]
[WhiteElo "2140"]
[BlackElo "2461"]
[Annotator "ChessBase"]
[PlyCount "116"]
[EventDate "2019.06.23"]
[EventType "swiss"]
[EventCountry "ISR"]
[SourceTitle "playchess.com"]
[Source "ChessBase"]
[SourceQuality "1"]
[TimeControl "40/5400+30:1800+30"]

1. d4 Nf6 2. Nf3 d5 3. Bf4 c5 4. e3 Nc6 5. c3 Nh5 6. Bg3 Nxg3 7. hxg3 Qd6 8. Nbd2 cxd4 9. exd4 g6 10. Be2 Bg7 11. Nb3 O-O 12. Qd2 a5 13. Qf4 Qf6 14. Nc5 h5 15. Qxf6 Bxf6 16. O-O-O Rb8 17. Nd3 Bg4 18. a3 Rfc8 19. Kb1 Rc7 20. Rhe1 Bf5 21. Ka2 Bxd3 22. Bxd3 b5 23. b4 Na7 24. Kb2 Nc8 25. Nd2 a4 26. f4 Nd6 27. Nf3 e6 28. Ne5 Bxe5 29. fxe5 Nf5 30. Bxf5 exf5 31. Rh1 Re8 32. Rde1 Rce7 33. Re2 f6 34. Rhe1 Kf7 35. Kc2 fxe5 36. dxe5 Ke6 37. c4 dxc4 38. Rd2 Rd7 39. Rxd7 Kxd7 40. Rd1+ Ke6 41. Rd6+ Kxe5 42. Rxg6 Re6 43. Rg8 Kf6 44. Rf8+ Kg6 45. Rg8+ Kf7 46. Rg5 Kf6 47. Rxh5 Re2+ 48. Kd1 Rxg2 49. Rh6+ Kg5 50. Rb6 Rxg3 51. Rxb5 Rxa3 52. Rc5 Rb3 53. Rxc4 a3 54. Rc2 Rxb4 55. Rg2+ Rg4 56. Ra2 Rg1+ 57. Kc2 Rg2+ 58. Kb3 Rxa2 0-1

[Event "Netanya Open 2019"]
[Site "Netanya"]
[Date "2019.06.25"]
[Round "3.21"]
[White "Mindlin, Alon"]
[Black "Lahav, Michal"]
[Result "1/2-1/2"]
[ECO "D94"]
[WhiteElo "2454"]
[BlackElo "2178"]
[Annotator "ChessBase"]
[PlyCount "60"]
[EventDate "2019.06.23"]
[EventType "swiss"]
[EventCountry "ISR"]
[SourceTitle "playchess.com"]
[Source "ChessBase"]
[SourceQuality "1"]
[TimeControl "40/5400+30:1800+30"]

1. c4 Nf6 2. Nc3 c5 3. e3 g6 4. d4 Bg7 5. Nf3 cxd4 6. exd4 O-O 7. Be2 d5 8. h3 Nc6 9. O-O dxc4 10. Bxc4 b6 11. Re1 Bb7 12. Be3 Rc8 13. Bf1 e6 14. Rc1 Qd6 15. Bg5 Ne7 16. Ne5 Ned5 17. Nb5 Qb8 18. Qe2 a6 19. Rxc8 Bxc8 20. Nc3 Qd6 21. Nc4 Qb8 22. Qe5 Qa7 23. Qd6 b5 24. Na5 Qb6 25. Nc6 Bb7 26. Bxf6 Qxc6 27. Qxc6 Bxc6 28. Bxg7 Kxg7 29. Rc1 Ne7 30. Rd1 Rd8 1/2-1/2

[Event "Netanya Open 2019"]
[Site "Netanya"]
[Date "2019.06.25"]
[Round "3.22"]
[White "Erenberg, Ariel"]
[Black "Gleizer, Mark"]
[Result "1-0"]
[ECO "D94"]
[WhiteElo "2434"]
[BlackElo "2173"]
[Annotator "NA"]
[PlyCount "69"]
[EventDate "2019.06.23"]
[EventType "swiss"]
[EventCountry "ISR"]
[SourceTitle "playchess.com"]
[Source "ChessBase"]
[SourceQuality "1"]
[TimeControl "40/5400+30:1800+30"]

1. d4 Nf6 2. c4 c6 3. Nf3 d5 4. e3 g6 5. Nc3 Bg7 6. Be2 O-O 7. O-O a6 8. b3 b5 9. Bb2 Re8 10. Re1 Ra7 11. Ne5 Nfd7 12. f4 Nxe5 13. fxe5 f6 14. exf6 exf6 15. Bf3 b4 16. Na4 f5 17. cxd5 cxd5 18. a3 a5 19. axb4 axb4 20. Nc5 Ree7 21. Qd3 Qd6 22. Rxa7 Rxa7 23. Qb5 Nc6 24. Nd3 Be6 25. Rc1 Ne7 26. Nxb4 Bh6 27. Kf2 f4 28. exf4 Qxf4 29. Rc2 Rd7 30. Re2 Bg4 31. Nd3 Qf6 32. Ne5 Bxf3 33. Nxf3 Qd6 34. Ba3 Qc6 35. Qb8+ {[%emt 0:03:44] Qf6 Qb5} 1-0